 Dungeon Crawl Stone Soup version 0.13.1-24-gd36c86d (webtiles) character file.

286 Nicoed the Slasher (level 5, 0/63 HPs)
             Began as a Human Berserker on Jan 14, 2014.
             Was a Priest of Trog.
             Slain by a quokka (4 damage)
             ... on Level 4 of the Dungeon.
             The game lasted 00:07:51 (2713 turns).

Nicoed the Slasher (Human Berserker)                Turns: 2713, Time: 00:07:52

HP   0/63        AC  4     Str 23      XL: 5   Next: 59%
MP   4/4         EV 12     Int  8      God: Trog [***...]
Gold 135         SH  0     Dex 13      Spells:  0 memorised,  4 levels left

Res.Fire  : . . .   See Invis. : .   a - +0 falchion
Res.Cold  : . . .   Warding    : .   b - +0 leather armour
Life Prot.: . . .   Conserve   : .   (no shield)
Res.Poison: .       Res.Corr.  : .   g - +0 helmet
Res.Elec. : .       Clarity    : .   (no cloak)
Sust.Abil.: . .     Spirit.Shd : .   (no gloves)
Res.Mut.  : +       Stasis     : .   (no boots)
Res.Rott. : .       Flight     : .   o - amulet of resist mutation
Saprovore : . . .                    u - ring of teleport control
                                     e - +1 ring of intelligence

@: berserking, very quick, slightly resistant to hostile enchantments, extremely
unstealthy
A: no striking features
a: Burn Spellbooks, Berserk, Trog's Hand, Renounce Religion, Evoke Teleport
Control


You were on level 4 of the Dungeon.
You worshipped Trog.
Trog was most pleased with you.
You were not hungry.

You visited 1 branch of the dungeon, and saw 4 of its levels.

You collected 115 gold pieces.

Inventory:

Hand weapons
 a - a +0,+0 falchion (weapon)
Armour
 b - a +0 leather armour (worn)
 g - a +0 helmet (worn)
Comestibles
 k - 2 chokos
Scrolls
 c - a scroll of enchant weapon II {unknown}
 d - 4 scrolls of remove curse
 f - 2 scrolls of recharging {unknown}
 h - a scroll of identify
 i - a scroll of teleportation {unknown}
 j - a scroll of fog {unknown}
 m - a scroll of blinking {unknown}
 p - a scroll of noise {unknown}
 q - a scroll of enchant weapon I {unknown}
 r - a scroll of amnesia {unknown}
 s - a scroll of enchant armour {unknown}
Jewellery
 e - a +1 ring of intelligence (left hand)
 o - an amulet of resist mutation (around neck)
 u - a ring of teleport control (right hand)
Potions
 l - 3 potions of curing
 n - a potion of heal wounds {unknown}
 t - a potion of flight {unknown}


   Skills:
 + Level 3.9 Fighting
 + Level 4.0 Long Blades
 + Level 3.0 Armour
 + Level 3.1 Dodging


You had 4 spell levels left.
You didn't know any spells.

Dungeon Overview and Level Annotations

Branches:
Dungeon (4/27)
 Temple: D:4-7

Altars:
Fedhas
the Shining One


Message History

You are too injured to fight recklessly!
You are too injured to fight recklessly!
Unknown command.
You hit the hound.
The hound is almost dead.
The hound bites you.
* * * LOW HITPOINT WARNING * * *
The quokka barely misses you. The hound barely misses you.
You closely miss the hound.
The hound is almost dead.
The hound barely misses you. The quokka misses you. The hound bites you.
* * * LOW HITPOINT WARNING * * *
Unknown command.
Use which ability? (? or * to list)
A red film seems to cover your vision as you go berserk!
You feel yourself moving faster!
You feel mighty!
You feel somewhat more hungry. The hound bites you.
* * * LOW HITPOINT WARNING * * *
The quokka bites you.
You die...

... .........
...........
.............
.........?.....
...............
...............
.........r.......
........@h.......
.................
...............
#####).........
#..........
#.<.......
#........
#....... ...


You could see a hound and a quokka.

Vanquished Creatures
  An orc priest (D:3)
  A scorpion (D:3)
  3 adders (D:3)
  3 giant geckos
  3 orcs (D:3)
  8 bats
  3 giant cockroaches (D:3)
  9 goblins
  8 hobgoblins
  A quokka (D:3)
  4 ball pythons
  A giant newt (D:1)
  2 jackals (D:3)
  5 kobolds
  8 rats
60 creatures vanquished.

Notes
Turn   | Place    | Note
--------------------------------------------------------------
     0 | D:1      | Nicoed, the Human Berserker, began the quest for the Orb.
     0 | D:1      | Reached XP level 1. HP: 18/18 MP: 0/0
   145 | D:1      | Reached XP level 2. HP: 8/24 MP: 1/1
   598 | D:1      | Acquired Trog's second power
   954 | D:1      | Reached XP level 3. HP: 27/30 MP: 2/2
  1188 | D:2      | Found a blossoming altar of Fedhas.
  1254 | D:2      | Found a glowing golden altar of the Shining One.
  1690 | D:3      | Reached XP level 4. HP: 36/36 MP: 3/3
  1720 | D:3      | HP: 1/36 [giant gecko (2)]
  2352 | D:3      | Reached XP level 5. HP: 33/42 MP: 4/4
  2554 | D:3      | Reached skill level 4 in Long Blades
  2713 | D:4      | Slain by a quokka

Action                   |  1- 3 |  4- 6 || total
-------------------------+-------+-------++-------
Melee: Falchion          |    78 |   147 ||   225
Invok: Berserk           |     1 |     2 ||     3
  Use: Potion            |       |     4 ||     4
       Scroll            |       |     3 ||     3
